Map: Flashback EE

Players

MrFercho

  • Race: Zerg Zerg
  • Spawn Location: 9:00

tigro

  • Race: Terran Terran
  • League: Bronze
  • Spawn Location: 11:00

TATORREA

  • Race: Terran Terran
  • League: Silver
  • Spawn Location: 11:00

Muri

  • Race: Terran Terran
  • League: Silver
  • Spawn Location: 7:00

Chris

  • Race: Zerg Zerg
  • League: Silver
  • Spawn Location: 7:00

DonPotro

  • Race: Protoss Protoss
  • League: Silver
  • Spawn Location: 7:00

VOD

Have the link to the VOD?

Description

Time

  • Played on: June 10, 2020, 8:47 p.m.
  • Length: 16:11
Show
View Real Time Build Order
Export as new Build Order

MrFercho Zerg 

Build Orders: Hatch First 

Get SALT Encoding   

  12  0:01  Drone  
  13  0:13  Overlord  
  13  0:28  Drone  
  14  0:32  Drone x2  
  16  1:00  Drone  
  16  1:01  Drone  
  18  1:05  Hatchery  
  17  1:13  Spawning Pool  
  17  1:15  Drone  
  17  1:21  Drone  
  18  1:31  Drone  
  19  1:49  Extractor  
  19  1:51  Drone x2  
  20  2:01  Drone  
  21  2:15  Drone  
  22  2:23  Queen x2  
  26  2:37  Drone x2  
  26  2:39  Overlord  
  26  2:40  Overlord x3  
  28  2:48  Hatchery  
  27  3:05  Drone x4  
  31  3:07  Queen  
  31  3:12  Lair  
  33  3:18  Drone x2  
  35  3:21  Drone  
  36  3:35  Drone  
  36  3:36  Drone x2  
  39  3:51  Drone x5  
  44  4:04  Extractor  
  44  4:08  Extractor  
  42  4:12  Roach Warren, Drone  
  42  4:13  Drone x3  
  45  4:21  Queen  
  45  4:23  Drone x3  
  50  4:28  Drone x3  
  53  4:50  Overseer  
  53  4:53  Drone x4  
  53  4:56  Drone x3  
  60  5:11  Evolution Chamber  
  59  5:17  Spore Crawler, Drone x5  
  59  5:18  Spore Crawler x2  
  61  5:26  Extractor  
  60  5:32  Drone x3  
  63  5:40  Drone x3  
  66  5:45  Overlord  
  66  5:46  Overlord x3  
  66  5:53  Glial Reconstitution  
  66  6:01  Hydralisk Den  
  66  6:03  Drone  
  66  6:04  Drone  
  67  6:05  Drone  
  68  6:25  Roach  
  68  6:26  Roach x6  
  68  6:43  Hatchery  
  64  6:48  Hatchery  
  64  6:50  Hatchery  
  64  6:52  Spine Crawler  
  45  7:03  Roach  
  45  7:04  Roach x5  
  56  7:09  Lair  
  50  7:48  Ravager x2  
  50  7:49  Ravager  
  53  7:52  Hydralisk  
  53  7:53  Hydralisk x5  
  65  8:10  Hydralisk Den  
  48  8:38  Drone x4  
  48  8:39  Drone x11  
  63  8:43  Queen  
  65  8:52  Zerg Missile Weapons Level 1  
  65  8:55  Grooved Spines  
  65  9:05  Queen  
  67  9:19  Spore Crawler  
  66  9:29  Drone x4  
  66  9:30  Drone x3  
  73  9:43  Drone x5  
  78  9:50  Extractor  
  78  9:51  Extractor  
  76  9:55  Queen  
  78  10:01  Drone x3  
  78  10:02  Drone x6  
  87  10:07  Muscular Augments  
  87  10:34  Hydralisk x14  
  115  10:40  Overlord x4  
  115  10:54  Evolution Chamber  
  115  10:56  Nydus Network  
  113  11:00  Drone x8  
  113  11:01  Drone x2  
  107  11:29  Lair  
  107  11:32  Drone x3  
  100  11:33  Drone x13  
  107  11:40  Extractor x2  
  107  11:44  Drone  
  107  11:45  Drone x2  
  108  11:48  Drone x2  
  108  11:50  Extractor  
  108  11:51  Extractor  
  89  12:09  Hydralisk  
  89  12:10  Hydralisk x14  
  82  12:59  Hydralisk x9  
  82  13:00  Hydralisk x6  
  104  13:15  Hydralisk Den  
  104  13:16  Spire  
  60  14:03  Drone x6  
  54  14:25  Spire  
  35  14:40  Drone x3  
  36  15:02  Hatchery, Lair  
  36  15:04  Hatchery  
  34  15:09  Hatchery  
  29  15:47  Mutalisk x3, Spire  
Show
View Real Time Build Order
Export as new Build Order

tigro Terran 

Build Orders:  

Get SALT Encoding   

  12  0:03  SCV  
  13  0:15  SCV  
  14  0:26  Supply Depot  
  14  0:27  SCV  
  15  0:36  Refinery  
  15  0:48  SCV  
  16  0:54  Barracks  
  16  1:00  SCV  
  17  1:10  Refinery  
  17  1:12  SCV  
  18  1:24  SCV  
  19  1:32  Supply Depot  
  19  1:36  SCV  
  20  1:45  Marine  
  21  1:48  SCV  
  22  2:02  Marine  
  22  2:08  Barracks  
  23  2:20  Marine  
  23  2:21  SCV  
  25  2:26  Engineering Bay  
  25  2:33  SCV  
  26  2:38  Marine  
  27  2:45  SCV  
  28  2:56  Marine  
  29  3:13  Orbital Command  
  29  3:15  Terran Infantry Weapons Level 1, Command Center  
  29  3:17  Barracks Tech Lab  
  29  3:20  Barracks Tech Lab  
  29  3:56  Factory  
  29  4:04  Combat Shield  
  29  4:07  Stimpack  
  29  4:28  SCV  
  30  4:36  Refinery  
  30  4:40  SCV  
  30  4:44  Marine x2  
  33  4:48  Factory Tech Lab  
  33  4:52  SCV  
  34  5:02  Marine x2  
  34  5:04  SCV, Starport  
  37  5:10  Terran Infantry Armor Level 1  
  37  5:15  Armory  
  37  5:16  SCV  
  38  5:23  Concussive Shells  
  38  5:29  SCV  
  39  5:36  Refinery  
  39  5:41  SCV  
  40  5:48  Medivac  
  42  5:53  SCV  
  43  6:01  Supply Depot  
  43  6:05  SCV  
  43  6:11  Fusion Core  
  44  6:17  SCV  
  34  6:51  Marine x2  
  36  6:59  Siege Tank  
  39  7:04  Medivac, Neosteel Armor  
  41  7:09  Missile Turret, Marine x2  
  41  7:12  Terran Vehicle Weapons Level 1  
  42  7:27  Marine x2  
  44  7:31  Siege Tank  
  45  7:44  Marine  
  45  7:45  Marine  
  40  8:02  Marine x2  
  40  8:03  Starport Tech Lab, Siege Tank  
  45  8:44  Hi-Sec Auto Tracking  
  75  8:48  Medivac  
  47  9:07  Missile Turret, Terran Vehicle And Ship Armor Level 1  
  47  9:18  Medivac  
  49  9:30  Missile Turret  
  49  9:40  Terran Infantry Weapons Level 2  
  49  9:48  Battlecruiser, Marine x2  
  49  9:51  Missile Turret  
  57  10:00  Thor  
  57  10:06  Marine x2  
  65  10:15  Missile Turret  
  65  10:24  Marine x2  
  67  10:41  Marine  
  67  10:42  Marine  
  69  10:54  Thor  
  75  10:59  Battlecruiser  
  75  11:02  Marine x2  
  50  11:45  Missile Turret  
  47  11:54  Marine x2  
  49  12:03  Medivac  
  43  12:12  Marine x2  
  39  12:29  Missile Turret  
  39  12:30  Marine x2  
  39  12:33  Battlecruiser  
  39  12:34  Thor  
  53  12:42  Terran Infantry Armor Level 2  
  53  12:47  Marine  
  53  12:48  Marine  
  55  12:56  Missile Turret  
  55  13:05  Marine x2  
  49  13:17  Thor  
  55  13:23  Marine x2  
  55  13:37  Battlecruiser  
  55  13:41  Marine x2  
  51  14:02  Weapon Refit  
  50  14:05  Marine x2  
  52  14:10  Planetary Fortress  
  52  14:23  Marine x2  
  46  14:41  Marine x2  
  46  14:42  Battlecruiser  
  52  14:59  Marine x2  
  54  15:16  Marine  
  54  15:17  Marine  
  56  15:34  Marine x2  
  54  15:52  Marine x2  
  43  16:06  Missile Turret  
Show
View Real Time Build Order
Export as new Build Order

TATORREA Terran 

Build Orders:  

Get SALT Encoding   

  12  0:03  SCV  
  13  0:15  SCV  
  14  0:27  SCV  
  15  0:31  Refinery  
  15  0:33  Supply Depot  
  15  0:38  Refinery  
  15  0:54  SCV  
  16  1:06  SCV  
  16  1:09  Barracks  
  17  1:18  SCV  
  18  1:31  SCV  
  19  1:43  SCV  
  20  1:55  SCV  
  20  1:59  Supply Depot, Factory  
  21  2:07  SCV  
  22  2:13  Barracks Reactor  
  22  2:19  SCV  
  22  2:21  Supply Depot  
  23  2:31  SCV  
  24  2:39  Engineering Bay  
  24  2:43  SCV, Supply Depot  
  25  2:50  Reaper x2  
  27  2:55  SCV  
  28  3:06  Supply Depot  
  28  3:26  Command Center  
  28  3:29  Supply Depot  
  28  3:32  SCV  
  29  3:37  Reaper x2  
  31  3:49  Factory Tech Lab  
  31  3:56  SCV, Starport  
  32  4:08  SCV, Marine  
  32  4:09  Marine  
  35  4:26  Marine x2  
  34  4:50  Marine x2  
  35  4:54  Siege Tank  
  35  4:59  Terran Infantry Weapons Level 1  
  38  5:01  Medivac  
  38  5:05  SCV x2  
  42  5:17  SCV x2  
  44  5:22  Starport  
  44  5:29  SCV x2  
  46  5:36  Command Center  
  46  5:39  Widow Mine  
  46  5:41  SCV x2  
  50  6:03  Fusion Core  
  50  6:05  SCV x2  
  52  6:12  Refinery  
  52  6:15  Refinery  
  52  6:17  SCV x2, Starport Tech Lab  
  54  6:19  Medivac  
  48  6:51  Marine  
  48  6:52  Marine  
  50  6:58  SCV x2  
  52  7:09  Marine x2  
  52  7:10  SCV  
  55  7:27  Battlecruiser, Marine x2  
  63  7:30  Weapon Refit  
  63  7:35  Widow Mine  
  65  7:45  Marine  
  66  7:56  Widow Mine  
  66  8:17  Siege Tank  
  69  8:31  Liberator  
  72  8:43  Medivac  
  74  8:54  Barracks  
  74  9:14  Battlecruiser  
  77  9:42  Barracks  
  77  9:43  Marine x2  
  79  10:01  SCV x3, Marine x2  
  84  10:10  Barracks Tech Lab  
  84  10:13  SCV x3  
  87  10:14  Terran Infantry Armor Level 1  
  87  10:18  Widow Mine  
  87  10:19  Marine x2  
  91  10:25  SCV x2  
  93  10:28  SCV  
  93  10:30  Barracks  
  93  10:55  SCV x2  
  93  10:56  Marine x2  
  87  10:57  Widow Mine  
  63  11:07  SCV x2, Supply Depot  
  60  11:12  Supply Depot  
  60  11:14  Supply Depot  
  57  11:18  Factory  
  57  11:21  Marine x2  
  57  11:25  Marine x3  
  59  11:32  Supply Depot  
  57  11:33  Stimpack  
  57  11:37  Supply Depot  
  57  11:38  Siege Tank  
  57  11:39  Supply Depot, Marine x2  
  59  11:43  Marine x3  
  62  11:56  Supply Depot, Marine  
  62  11:57  Marine  
  62  12:00  Supply Depot  
  62  12:01  Marine x3  
  62  12:03  Supply Depot  
  58  12:10  Siege Tank  
  61  12:17  Battlecruiser  
  61  12:18  Marine x2  
  61  12:19  Marine  
  61  12:20  Supply Depot  
  61  12:21  Hi-Sec Auto Tracking  
  67  12:24  Supply Depot  
  67  12:28  Supply Depot  
  67  12:29  Widow Mine  
  66  12:36  Marine x3  
  65  12:50  Widow Mine  
  63  12:54  Marine x3, Widow Mine  
  64  13:11  Widow Mine  
  64  13:12  Combat Shield, Marine x2  
  68  13:13  Marine  
  68  13:15  Widow Mine  
  71  13:21  Battlecruiser  
  77  13:30  Marine x2  
  77  13:31  Marine  
  77  13:33  Widow Mine  
  71  13:37  Widow Mine  
  54  13:47  Marine  
  49  13:54  Widow Mine  
  51  13:58  Widow Mine  
Show
View Real Time Build Order
Export as new Build Order

Muri Terran 

Build Orders:  

Get SALT Encoding   

  12  0:01  SCV  
  13  0:13  SCV  
  14  0:25  SCV  
  15  0:29  Supply Depot  
  15  0:49  Supply Depot  
  15  0:51  SCV  
  15  0:54  Barracks  
  16  1:02  Refinery  
  16  1:03  SCV  
  17  1:16  Supply Depot  
  17  1:19  SCV  
  18  1:31  Refinery  
  18  1:32  SCV  
  19  1:42  Barracks Tech Lab  
  19  1:44  Supply Depot  
  19  1:53  Orbital Command  
  19  2:15  Factory  
  19  2:17  Barracks Reactor  
  19  2:25  SCV  
  20  2:39  SCV  
  21  2:50  Command Center  
  21  2:54  Marine x2  
  23  3:04  Siege Tank  
  26  3:12  SCV  
  27  3:21  Barracks  
  27  3:23  Marine x2  
  29  3:30  SCV  
  30  3:44  SCV, Starport  
  30  3:47  Marine  
  30  3:48  Marine  
  33  4:00  SCV  
  34  4:10  Orbital Command  
  34  4:13  Barracks Tech Lab  
  34  4:16  Refinery  
  34  4:21  Siege Tank  
  37  4:27  Medivac  
  39  4:36  Engineering Bay  
  39  4:49  Marine x2  
  39  4:51  Combat Shield  
  41  4:57  Medivac, Siege Tank  
  46  5:05  SCV  
  47  5:43  Marine x3  
  47  5:45  SCV  
  51  5:57  SCV  
  52  6:06  Siege Tank  
  52  6:07  Marine x3  
  52  6:09  SCV  
  59  6:21  SCV  
  54  6:33  SCV  
  51  7:31  Marine x3  
  46  7:52  Starport Reactor  
  46  7:53  SCV  
  47  7:59  Marine  
  47  8:00  Marine x2  
  47  8:01  Siege Tank  
  53  8:05  SCV  
  53  8:12  Starport  
  54  8:17  Marine x2  
  56  8:26  SCV  
  57  8:38  SCV  
  57  8:41  Siege Tank  
  61  8:42  Marine  
  62  8:50  Command Center  
  62  8:53  Starport Reactor  
  62  8:54  Supply Depot  
  62  8:59  Marine x2  
  62  9:00  SCV, Medivac x2  
  69  9:05  Factory  
  69  9:12  Marine  
  70  9:17  Marine x2  
  70  9:20  SCV  
  70  9:21  Refinery  
  73  9:24  Supply Depot  
  73  9:30  Marine  
  74  9:33  SCV  
  74  9:35  Marine x2  
  77  9:45  SCV  
  78  9:48  Marine  
  78  9:52  Factory Tech Lab  
  79  9:56  Starport  
  79  9:57  SCV  
  79  9:59  Supply Depot  
  59  11:05  Starport Reactor  
  59  11:08  Siege Tank  
  59  11:09  Barracks  
  60  11:12  Supply Depot  
  60  11:13  Marine x2  
  60  11:14  Marine  
  60  11:16  Siege Tank  
  66  11:18  SCV  
  67  11:30  SCV  
  67  11:31  Marine x3  
  71  11:43  SCV  
  72  11:48  Siege Tank  
  72  11:49  Marine x3  
  75  11:55  SCV  
  76  12:07  SCV, Marine x3  
  76  12:08  Supply Depot  
  80  12:09  Barracks Reactor  
  80  12:12  Armory  
  80  12:14  Terran Infantry Armor Level 1  
  80  12:16  Siege Tank  
  80  12:20  Siege Tank  
  86  12:24  Marine  
  86  12:25  Medivac x6, Marine x2  
  101  12:42  Marine x2  
  103  12:48  Siege Tank  
  100  12:52  Siege Tank  
  100  12:55  Medivac  
  100  13:04  SCV  
  101  13:08  Refinery  
  101  13:16  SCV  
  102  13:20  Siege Tank  
  105  13:29  SCV  
  106  13:41  SCV  
  105  13:57  Armory, Terran Vehicle And Ship Armor Level 1  
  105  13:59  Marine x2  
  107  14:03  Marine  
  107  14:04  Marine x2  
  107  14:08  Terran Infantry Weapons Level 1  
  107  14:17  Marine x2  
  103  14:21  Marine  
  103  14:22  Marine x2  
  99  14:34  Marine  
  99  14:35  Marine  
  100  14:39  Marine  
  100  14:40  Marine  
  101  14:52  Marine x2  
  95  14:56  Marine  
  97  15:05  Siege Tank  
  97  15:06  Marine  
  97  15:07  Marine  
  101  15:11  Supply Depot  
  102  15:14  Engineering Bay, Marine  
  103  15:24  Marine x2  
  103  15:26  Refinery  
  105  15:32  Marine  
  106  15:37  Supply Depot, Siege Tank  
  106  15:40  Medivac  
  106  15:41  Medivac x3  
  106  15:42  Marine  
  122  15:44  Marine  
  122  15:46  Marine x2  
  122  15:48  Command Center  
  125  15:50  Marine  
  126  16:01  Supply Depot  
Show
View Real Time Build Order
Export as new Build Order

Chris Zerg 

Build Orders: Hatch First 

Get SALT Encoding   

  12  0:17  Drone x2  
  12  0:19  Overlord  
  14  0:47  Hatchery  
  14  0:48  Drone  
  14  1:04  Spawning Pool  
  14  1:07  Drone  
  14  1:13  Drone  
  14  1:14  Extractor  
  14  1:17  Drone  
  15  1:28  Drone  
  16  1:39  Drone  
  17  1:43  Drone  
  18  1:55  Queen  
  18  1:57  Drone  
  22  2:01  Drone  
  22  2:04  Queen  
  24  2:10  Overlord  
  24  2:23  Drone  
  25  2:31  Metabolic Boost  
  25  2:37  Drone  
  25  2:38  Drone x2  
  28  2:51  Drone  
  29  2:56  Extractor  
  28  3:07  Lair  
  28  3:12  Drone x3  
  31  3:14  Extractor  
  30  3:20  Drone x5  
  35  3:33  Drone  
  36  3:37  Overlord x2  
  36  3:54  Queen  
  39  3:55  Zergling x4  
  39  3:56  Zergling x8  
  44  4:25  Hatchery  
  43  4:32  Drone x2  
  43  4:33  Drone  
  46  4:52  Hydralisk Den  
  46  4:58  Spire  
  46  4:59  Drone x4  
  48  5:16  Roach Warren  
  47  5:34  Extractor  
  47  5:35  Drone x5  
  51  5:41  Hydralisk x3  
  57  5:45  Overlord x3  
  57  5:59  Glial Reconstitution  
  57  6:03  Drone x2  
  57  6:04  Drone  
  57  6:24  Evolution Chamber  
  57  6:25  Evolution Chamber  
  52  6:37  Mutalisk x6  
  52  6:38  Mutalisk x3  
  70  7:00  Hydralisk x2  
  70  7:01  Hydralisk x3  
  80  7:11  Muscular Augments  
  78  7:57  Mutalisk  
  78  7:58  Mutalisk  
  80  8:03  Overlord x5  
  72  8:36  Hydralisk  
  72  8:37  Hydralisk x6  
  72  8:38  Hydralisk x4  
  94  8:48  Grooved Spines  
  94  8:50  Zerg Missile Weapons Level 1  
  94  8:55  Drone  
  94  8:57  Queen  
  97  9:15  Hydralisk x2  
  97  9:16  Hydralisk x4  
  109  9:31  Corruptor  
  111  9:41  Extractor  
  110  10:18  Zerg Ground Armor Level 1  
  94  10:42  Hydralisk x6  
  98  10:43  Hydralisk x6  
  84  11:33  Hydralisk x3  
  84  11:34  Hydralisk x6  
  102  11:46  Zerg Flyer Weapons Level 1  
  102  11:49  Zerg Missile Weapons Level 2  
  102  11:52  Drone  
  97  12:18  Hydralisk x8  
  97  12:19  Hydralisk  
  113  12:46  Hydralisk x4  
  119  13:18  Hydralisk  
  119  13:19  Hydralisk  
  121  13:21  Overlord  
  121  13:22  Overlord x3  
  101  13:58  Hydralisk x5  
  101  13:59  Hydralisk x4  
  115  14:37  Overseer  
  115  14:50  Hydralisk x2  
  115  14:51  Hydralisk x7  
  129  15:59  Infestation Pit  
  128  16:09  Hatchery  
Show
View Real Time Build Order
Export as new Build Order

DonPotro Protoss 

Build Orders: Blink Stalkers, Carriers 

Get SALT Encoding   

  12  0:14  Probe  
  13  0:26  Probe  
  14  0:38  Probe  
  14  0:39  Pylon  
  15  0:57  Probe  
  15  1:01  Assimilator  
  16  1:05  Gateway  
  16  1:09  Probe  
  17  1:21  Probe  
  18  1:27  Assimilator  
  18  1:33  Probe  
  19  1:45  Probe  
  20  1:47  Nexus  
  20  1:59  Cybernetics Core  
  20  2:02  Probe  
  21  2:10  Pylon  
  21  2:12  Pylon  
  21  2:14  Probe  
  22  2:17  Assimilator  
  22  2:37  Probe  
  23  2:45  Twilight Council  
  23  2:46  Stalker  
  25  3:02  Probe  
  26  3:06  Warp Gate  
  26  3:13  Pylon  
  26  3:14  Probe  
  26  3:16  Pylon  
  26  3:17  Probe  
  28  3:24  Probe  
  28  3:25  Probe, Stalker  
  31  3:32  Probe  
  31  3:33  Probe  
  32  3:40  Probe  
  35  3:50  Probe  
  35  3:52  Probe, Blink  
  37  3:58  Probe  
  37  4:01  Assimilator  
  38  4:03  Probe, Stalker  
  38  4:08  Probe  
  39  4:11  Probe  
  43  4:20  Probe  
  43  4:21  Probe  
  45  4:31  Robotics Facility  
  45  4:32  Stalker  
  45  4:33  Probe x2  
  49  5:02  Stalker  
  49  5:05  Stargate  
  51  5:07  Probe  
  52  5:19  Probe  
  53  5:31  Probe  
  53  5:32  Stalker  
  56  5:41  Forge  
  56  5:47  Observer  
  57  5:53  Charge  
  57  5:58  Protoss Air Weapons Level 1  
  57  6:08  Observer  
  56  6:40  Void Ray  
  60  6:48  Probe  
  61  6:56  Probe  
  62  7:02  Stargate  
  62  7:05  Protoss Shields Level 1, Stargate  
  62  7:06  Probe  
  62  7:08  Stargate  
  63  8:09  Void Ray  
  67  8:32  Pylon  
  67  8:34  Pylon  
  67  8:37  Pylon  
  67  8:40  Pylon  
  67  8:43  Pylon  
  67  8:47  Pylon  
  67  8:50  Void Ray x2  
  67  8:51  Void Ray x2  
  67  8:52  Pylon  
  67  8:55  Pylon  
  83  9:15  Fleet Beacon  
  83  9:17  Protoss Air Armor Level 1  
  83  9:34  Void Ray  
  83  9:37  Void Ray x3  
  99  10:17  Void Ray  
  99  10:20  Void Ray x3  
  115  10:42  Nexus  
  115  11:00  Void Ray  
  83  11:48  Carrier  
  83  11:49  Carrier x3  
  103  13:00  Carrier x4  
  103  13:03  Probe  
  127  13:11  Probe  
  129  13:20  Probe  
  129  13:25  Nexus  
  130  13:32  Probe  
  123  13:44  Probe  
  112  14:01  Cybernetics Core  
  112  14:05  Probe  
  113  14:14  Probe  
  113  14:17  Assimilator  
  113  14:21  Assimilator  
  113  14:23  Probe, Carrier  
  113  14:24  Carrier x2  
  132  14:29  Assimilator  
  133  14:34  Assimilator  
  133  14:35  Probe  
  133  14:38  Nexus  
  134  14:39  Probe  
  135  14:47  Probe x2  
  137  14:56  Probe  
  138  15:08  Probe  
  139  15:21  Probe  
Tags
 
Add a new tag
Caveats
  • Supply blocks, unpowered buildings, or Contaminate may cause inaccurate times.
  • Supply counts are checked every 10 seconds.